General information
- name: BNet
- type: Ladder team game (AT/RT)
- host: Battle.net
- saver: brucewillisusa
map: Slalom
- players: 8
- length: 33:54
- speed: Fast
- version: 1.24 W3XP
- replay type: Public
» download(181 KB)
Players
team 1 (loser)

»
FlockOfMoose (
yellow | 45 APM | 1524 actions | 33:51)
6 Shadow Hunter
3 Serpent Ward
2 Healing Wave
1 Big Bad Voodoo
2 Tauren Chieftain
1 Endurance Aura
1 Shockwave
» actions
| Assign group hotkey | 5 | |
| Basic commands | 144 | |
| Build / train | 44 | |
| Enter build submenu | 46 | |
| Enter hero's abilities submenu | 9 | |
| Give item / drop item | 1 | |
| Remove unit from queue | 6 | |
| Right click | 744 | |
| Select / deselect | 397 | |
| Select group hotkey | 51 | |
| Use ability | 77 | |
1524 total
» units
» upgrades
| Armor | 1 | |
| Shaman Training | 2 | |
| Melee Weapons | 1 | |
| Pulverize | 1 | |
5 total
» buildings
| Orc Burrow | 17 | |
| Altar of Storms | 1 | |
| War Mill | 2 | |
| Stronghold | 1 | |
| Spirit Lodge | 6 | |
| Fortress | 1 | |
| Great Hall | 6 | |
| Tauren Totem | 6 | |
| Watch Tower | 9 | |
49 total
» build order
00:11 Orc Burrow
00:23 Altar of Storms
01:24 Orc Burrow
01:41 War Mill
02:35 Stronghold
02:54 Orc Burrow
03:53 Orc Burrow
05:05 Spirit Lodge
05:23 Fortress
05:26 Spirit Lodge
06:52 Orc Burrow
06:55 Orc Burrow
07:03 Great Hall
07:59 Tauren Totem
08:35 Tauren Totem
10:06 Orc Burrow
10:08 Orc Burrow
12:42 Watch Tower
12:43 Watch Tower
12:44 Watch Tower
15:14 Watch Tower
15:17 Watch Tower
16:11 War Mill
17:13 Great Hall
17:39 Watch Tower
17:40 Watch Tower
18:03 Great Hall
18:45 Orc Burrow
18:51 Orc Burrow
21:49 Great Hall
22:02 Orc Burrow
22:03 Orc Burrow
22:37 Watch Tower
22:41 Watch Tower
25:12 Great Hall
25:18 Tauren Totem
25:21 Tauren Totem
25:26 Spirit Lodge
25:30 Spirit Lodge
25:39 Orc Burrow
25:44 Orc Burrow
30:05 Tauren Totem
30:08 Tauren Totem
30:12 Spirit Lodge
30:15 Spirit Lodge
30:38 Great Hall
31:03 Orc Burrow
31:07 Orc Burrow
33:24 Orc Burrow

»
darsus (
green | 36 APM | 772 actions | 21:11)
4 Demon Hunter
2 Immolation
2 Evasion
3 Priestess of the Moon
1 Searing Arrows
2 Trueshot Aura
» actions
| Assign group hotkey | 16 | |
| Basic commands | 11 | |
| Build / train | 85 | |
| Enter build submenu | 39 | |
| Enter hero's abilities submenu | 6 | |
| Right click | 173 | |
| Select / deselect | 173 | |
| Select group hotkey | 205 | |
| Use ability | 64 | |
772 total
» units
| Wisp | 49 | |
| Huntress | 4 | |
| Hippogryph | 13 | |
| Chimaera | 2 | |
68 total
» upgrades
| Strength of the Wild | 2 | |
| Reinforced Hides | 1 | |
| Ultravision | 1 | |
| Well Spring | 1 | |
| Corrosive Breath | 1 | |
6 total
» buildings
| Moon Well | 9 | |
| Altar of Elders | 1 | |
| Hunter's Hall | 1 | |
| Ancient of War | 1 | |
| Tree of Ages | 1 | |
| Ancient of Wonders | 1 | |
| Tree of Life | 4 | |
| Tree of Eternity | 1 | |
| Ancient of Wind | 2 | |
| Chimaera Roost | 3 | |
| Ancient Protector | 16 | |
40 total
» build order
00:28 Moon Well
00:41 Altar of Elders
01:25 Moon Well
01:57 Hunter's Hall
02:30 Ancient of War
02:50 Moon Well
03:03 Tree of Ages
03:13 Ancient of Wonders
03:51 Moon Well
05:25 Tree of Life
05:59 Tree of Eternity
06:45 Ancient of Wind
06:56 Ancient of Wind
08:54 Chimaera Roost
09:02 Chimaera Roost
09:29 Chimaera Roost
10:34 Moon Well
13:07 Moon Well
13:11 Ancient Protector
13:15 Ancient Protector
13:19 Ancient Protector
13:33 Tree of Life
13:50 Ancient Protector
13:54 Tree of Life
13:58 Ancient Protector
14:03 Ancient Protector
14:07 Ancient Protector
14:10 Moon Well
14:16 Ancient Protector
14:20 Ancient Protector
15:58 Moon Well
17:34 Moon Well
18:10 Ancient Protector
18:14 Ancient Protector
18:51 Ancient Protector
18:56 Ancient Protector
19:05 Ancient Protector
19:10 Ancient Protector
19:20 Ancient Protector
20:58 Tree of Life
zdavIs513x (
blue | 44 APM | 1478 actions | 33:51)
6 Death Knight
3 Death Coil
2 Unholy Aura
1 Animate Dead
6 Lich
3 Frost Nova
2 Dark Ritual
1 Death and Decay
2 Shadow Hunter
1 Hex
1 Healing Wave
» actions
| Assign group hotkey | 29 | |
| Basic commands | 46 | |
| Build / train | 57 | |
| Enter build submenu | 19 | |
| Enter hero's abilities submenu | 14 | |
| Remove unit from queue | 1 | |
| Right click | 536 | |
| Select / deselect | 188 | |
| Select group hotkey | 546 | |
| Use ability | 42 | |
1478 total
» units
| Acolyte | 2 | |
| Ghoul | 5 | |
| Crypt Fiend | 10 | |
| Obsidian Statue | 6 | |
| Gargoyle | 2 | |
25 total
» upgrades
| Creature Attack | 3 | |
| Creature Carapace | 3 | |
| Web | 1 | |
7 total
» buildings
| Crypt | 2 | |
| Ziggurat | 8 | |
| Altar of Darkness | 1 | |
| Graveyard | 1 | |
| Tomb of Relics | 1 | |
| Halls of the Dead | 1 | |
| Slaughterhouse | 1 | |
| Black Citadel | 1 | |
| Spirit Tower | 5 | |
| Nerubian Tower | 1 | |
22 total
» build order
00:10 Crypt
00:14 Ziggurat
00:39 Altar of Darkness
01:05 Ziggurat
01:38 Graveyard
02:10 Tomb of Relics
02:30 Crypt
03:57 Ziggurat
05:27 Halls of the Dead
06:40 Ziggurat
08:10 Slaughterhouse
08:59 Ziggurat
09:52 Black Citadel
11:01 Ziggurat
13:44 Spirit Tower
13:46 Nerubian Tower
13:48 Spirit Tower
13:54 Spirit Tower
14:01 Ziggurat
19:15 Ziggurat
19:46 Spirit Tower
20:01 Spirit Tower
shmeegal (
teal | 13 APM | 325 actions | 25:24)
3 Blademaster
1 Wind Walk
2 Critical Strike
1 Shadow Hunter
1 Healing Wave
» actions
| Build / train | 36 | |
| Enter build submenu | 20 | |
| Enter hero's abilities submenu | 4 | |
| Right click | 125 | |
| Select / deselect | 103 | |
| Use ability | 37 | |
325 total
» units
| Peon | 8 | |
| Grunt | 6 | |
| Troll Headhunter/Berserker | 5 | |
| Wind Rider | 8 | |
27 total
» upgrades
» buildings
| Altar of Storms | 1 | |
| Orc Burrow | 10 | |
| Barracks | 1 | |
| War Mill | 1 | |
| Stronghold | 1 | |
| Voodoo Lounge | 1 | |
| Beastiary | 2 | |
| Great Hall | 5 | |
| Watch Tower | 1 | |
23 total
» build order
00:16 Altar of Storms
00:24 Orc Burrow
01:58 Barracks
03:06 War Mill
03:26 Orc Burrow
04:53 Stronghold
05:02 Voodoo Lounge
07:23 Beastiary
07:26 Beastiary
08:16 Orc Burrow
08:19 Orc Burrow
10:10 Orc Burrow
10:12 Orc Burrow
11:11 Great Hall
12:12 Watch Tower
13:44 Great Hall
13:55 Great Hall
15:48 Orc Burrow
15:50 Orc Burrow
15:51 Orc Burrow
15:53 Orc Burrow
17:39 Great Hall
18:32 Great Hall
» items
team 2 (winner)

»
negodrama (
orange | 44 APM | 1108 actions | 25:04)
6 Priestess of the Moon
3 Trueshot Aura
2 Searing Arrows
1 Starfall
» actions
| Assign group hotkey | 35 | |
| Build / train | 88 | |
| Enter build submenu | 18 | |
| Enter hero's abilities submenu | 6 | |
| Remove unit from queue | 8 | |
| Right click | 669 | |
| Select / deselect | 258 | |
| Select group hotkey | 7 | |
| Use ability | 19 | |
1108 total
» units
| Wisp | 14 | |
| Archer | 11 | |
| Huntress | 7 | |
| Glaive Thrower | 1 | |
| Dryad | 8 | |
| Druid of the Claw | 4 | |
| Hippogryph | 10 | |
55 total
» upgrades
| Ultravision | 1 | |
| Strength of the Moon | 2 | |
| Moon Armor | 3 | |
| Improved Bows | 1 | |
| Sentinel | 1 | |
| Abolish Magic | 1 | |
| Reinforced Hides | 3 | |
| Strength of the Wild | 1 | |
| Marksmanship | 1 | |
| Upgrade Moon Glaive | 1 | |
15 total
» buildings
| Altar of Elders | 1 | |
| Moon Well | 7 | |
| Ancient of War | 1 | |
| Hunter's Hall | 1 | |
| Tree of Ages | 1 | |
| Ancient of Lore | 1 | |
| Tree of Eternity | 1 | |
| Ancient of Wind | 1 | |
| Tree of Life | 1 | |
15 total
» build order
00:06 Altar of Elders
00:15 Moon Well
01:26 Ancient of War
01:46 Moon Well
02:48 Hunter's Hall
03:58 Moon Well
04:52 Tree of Ages
05:01 Moon Well
07:50 Ancient of Lore
10:43 Tree of Eternity
12:06 Moon Well
12:11 Moon Well
12:46 Moon Well
15:56 Ancient of Wind
18:18 Tree of Life
» items

»
orcun (
purple | 43 APM | 1448 actions | 33:51)
6 Blood Mage
3 Banish
1 Siphon Mana
1 Flame Strike
1 Summon Phoenix
3 Paladin
2 Holy Light
1 Devotion Aura
» actions
| Assign group hotkey | 23 | |
| Basic commands | 130 | |
| Build / train | 67 | |
| ESC pressed | 1 | |
| Enter build submenu | 31 | |
| Enter hero's abilities submenu | 9 | |
| Give item / drop item | 1 | |
| Right click | 620 | |
| Select / deselect | 300 | |
| Select group hotkey | 202 | |
| Use ability | 64 | |
1448 total
» units
| Peasant | 20 | |
| Footman | 7 | |
| Rifleman | 8 | |
| Mortar Team | 1 | |
| Siege Engine | 5 | |
41 total
» upgrades
| Defend | 1 | |
| Long Rifles | 1 | |
| Armor | 1 | |
| Gunpowder | 2 | |
| Lumber Harvesting | 1 | |
| Animal War Training | 1 | |
| Swords | 1 | |
| Plating | 1 | |
| Barrage | 1 | |
10 total
» buildings
| Altar of Kings | 1 | |
| Farm | 14 | |
| Barracks | 5 | |
| Keep | 1 | |
| Arcane Vault | 1 | |
| Blacksmith | 1 | |
| Lumber Mill | 1 | |
| Workshop | 2 | |
| Town Hall | 4 | |
| Castle | 1 | |
31 total
» build order
00:10 Altar of Kings
00:12 Farm
00:14 Barracks
00:21 Barracks
01:31 Farm
02:09 Farm
02:52 Farm
03:35 Keep
03:40 Farm
04:22 Arcane Vault
04:33 Barracks
05:29 Farm
05:42 Farm
06:45 Blacksmith
06:50 Lumber Mill
08:25 Workshop
08:48 Workshop
10:11 Town Hall
12:20 Castle
16:07 Farm
16:08 Farm
16:15 Farm
16:17 Farm
19:32 Farm
19:34 Farm
22:58 Farm
27:48 Town Hall
28:06 Town Hall
30:06 Town Hall
32:56 Barracks
33:01 Barracks
» items

»
brucewillisusa (
pink | 77 APM | 2621 actions | 33:53)
7 Shadow Hunter
3 Hex
3 Healing Wave
1 Big Bad Voodoo
» actions
| Assign group hotkey | 76 | |
| Basic commands | 22 | |
| Build / train | 78 | |
| ESC pressed | 2 | |
| Enter build submenu | 47 | |
| Enter hero's abilities submenu | 7 | |
| Give item / drop item | 4 | |
| Right click | 1065 | |
| Select / deselect | 289 | |
| Select group hotkey | 911 | |
| Use ability | 120 | |
2621 total
» units
» upgrades
| Liquid Fire | 1 | |
| Ranged Weapons | 3 | |
| Reinforced Defenses | 1 | |
5 total
» buildings
| Altar of Storms | 2 | |
| Orc Burrow | 7 | |
| Voodoo Lounge | 2 | |
| War Mill | 2 | |
| Stronghold | 2 | |
| Fortress | 2 | |
| Great Hall | 4 | |
| Beastiary | 6 | |
| Watch Tower | 22 | |
49 total
» build order
00:07 Altar of Storms
00:10 Orc Burrow
00:49 Voodoo Lounge
01:55 War Mill
02:52 Stronghold
05:29 Fortress
05:56 Great Hall
05:59 Beastiary
06:00 Beastiary
06:01 Beastiary
06:02 Beastiary
06:03 Beastiary
06:04 Beastiary
06:06 Orc Burrow
06:07 Orc Burrow
06:07 Orc Burrow
07:12 Orc Burrow
07:13 Orc Burrow
07:15 Orc Burrow
22:09 Great Hall
22:11 Watch Tower
22:11 Watch Tower
22:24 Watch Tower
23:02 Watch Tower
23:21 Watch Tower
23:22 Watch Tower
24:05 Watch Tower
24:06 Watch Tower
24:09 Watch Tower
24:10 Watch Tower
25:11 Watch Tower
25:12 Watch Tower
25:16 Watch Tower
25:17 Watch Tower
25:50 Watch Tower
25:51 Watch Tower
25:56 Watch Tower
25:57 Watch Tower
26:54 Stronghold
27:29 Watch Tower
27:29 Watch Tower
28:15 Voodoo Lounge
28:21 Watch Tower
28:21 Watch Tower
30:19 Altar of Storms
30:24 Great Hall
30:52 War Mill
31:14 Great Hall
31:57 Fortress
» items
| Lesser Clarity Potion | 2 | |
| Healing Salve | 2 | |
4 total

»
IGotTowersYo (
red | 23 APM | 766 actions | 33:51)
6 Shadow Hunter
3 Healing Wave
2 Serpent Ward
1 Big Bad Voodoo
» actions
| Assign group hotkey | 18 | |
| Build / train | 72 | |
| Enter build submenu | 27 | |
| Enter hero's abilities submenu | 6 | |
| Right click | 271 | |
| Select / deselect | 188 | |
| Select group hotkey | 102 | |
| Use ability | 82 | |
766 total
» units
| Peon | 12 | |
| Troll Headhunter/Berserker | 23 | |
| Frost Revenant | 2 | |
| Nerubian Webspinner | 2 | |
| Ice Troll Berserker | 2 | |
| Nerubian Warrior | 2 | |
| Shaman | 11 | |
54 total
» upgrades
| Ranged Weapons | 3 | |
| Armor | 2 | |
| Troll Regeneration | 1 | |
| Shaman Training | 2 | |
| Spiked Barricades | 1 | |
9 total
» buildings
| Altar of Storms | 1 | |
| Orc Burrow | 7 | |
| War Mill | 2 | |
| Barracks | 1 | |
| Watch Tower | 10 | |
| Stronghold | 1 | |
| Voodoo Lounge | 1 | |
| Fortress | 1 | |
| Spirit Lodge | 1 | |
| Great Hall | 1 | |
26 total
» build order
00:08 Altar of Storms
00:12 Orc Burrow
01:00 War Mill
02:21 Barracks
03:02 Orc Burrow
03:54 Watch Tower
05:02 Orc Burrow
05:37 Watch Tower
06:30 Stronghold
06:40 Voodoo Lounge
08:36 Orc Burrow
10:00 Fortress
10:10 Spirit Lodge
10:20 Orc Burrow
12:35 Watch Tower
13:09 Orc Burrow
19:03 Orc Burrow
22:23 Watch Tower
23:44 Great Hall
27:24 Watch Tower
28:09 Watch Tower
28:55 Watch Tower
30:20 Watch Tower
30:33 Watch Tower
31:32 War Mill
33:07 Watch Tower
Chat log
(04:02 / All) shmeegal: harras
(04:06 / All) brucewillisusa: harass my head
(07:50 / Allies) brucewillisusa: hope you wetbacks are gonna get hella armies
(07:53 / Allies) brucewillisusa: even tho u have no expos
(08:37 / Allies) negodrama: go go go
(10:14 / Allies) brucewillisusa: gold pliz
(14:01 / Allies) negodrama: thank
(14:05 / Allies) orcun: np
(14:14 / Allies) orcun: pink go distract
(14:21 / Allies) negodrama: attack
(14:28 / Allies) negodrama: gog og
(15:20 / Allies) orcun: ty
(23:38 / All) brucewillisusa: hard ass carry
(23:56 / Allies) brucewillisusa: tank the ones with towers shitnoob
(23:58 / Allies) brucewillisusa: i can killt his
(24:07 / Allies) brucewillisusa: wood pls
(25:38 / Allies) brucewillisusa: tankt hat next
(25:42 / Allies) brucewillisusa: u can kill towers
(25:43 / Allies) brucewillisusa: i cant
(25:44 / Allies) orcun: i will
(25:48 / Allies) orcun: kk
(25:54 / Allies) orcun: i'll suicide towers while u hit main
(26:05 / Allies) brucewillisusa: i have to kill their expo
(26:07 / Allies) brucewillisusa: way back on our side
(26:55 / All) FlockOfMoose: hard ass maphack rofl
(27:01 / All) brucewillisusa: haail hitler
(30:05 / Allies) brucewillisusa: flamestrike the buildilngs
(30:07 / Allies) brucewillisusa: u fuckign coksmoker
(30:22 / Allies) orcun: sorry kiddo
(30:42 / Allies) brucewillisusa: kill the peons with your bird
(32:05 / Allies) brucewillisusa: is this retard afk or what?
(32:08 / Allies) brucewillisusa: jesus fuckign christ
(32:12 / Allies) brucewillisusa: at least gold me
(32:14 / Allies) brucewillisusa: fucknoob
(32:16 / Allies) IGotTowersYo: haha
(33:11 / All) brucewillisusa: retards
(33:14 / All) brucewillisusa: raped 1v4
(33:17 / All) brucewillisusa: 1v3
(33:48 / All) brucewillisusa: i woudlnt unpause
(33:49 / All) brucewillisusa: if i were u
(33:50 / Allies) orcun: ....